 Dungeon Crawl Stone Soup version 0.32-a0-616-g9348d45 (webtiles) character file.

Game seed: 16860213870286900939

109 skewfiend the Ruffian (level 4, 0/40 HPs)
             Began as a Ghoul Monk on Mar 5, 2024.
             Slain by an orc priest
             ... wielding a +0 hand axe
              (1 damage)
             ... on level 3 of the Dungeon.
             The game lasted 00:07:22 (1853 turns).

skewfiend the Ruffian (Ghoul Monk)                  Turns: 1853, Time: 00:07:22

Health: 0/40       AC:  6    Str: 11 (14) XL:     4   Next: 89%
Magic:  0/4        EV:  0    Int:  6 (9)  God:
Gold:   101        SH:  0    Dex: 12 (13) Spells: 3/3 levels left

rFire   + +          .
                       - Unarmed
rCold   + + .        c - orb {light}
rNeg    + + +        y - +0 ring mail
rPois   ∞            (no helmet)
rElec   +            (no cloak)
rCorr   +            (no gloves)
SInv    .            s - +0 pair of boots
Will    .....        v - amulet of guardian spirit
Stlth   +            o - ring of protection from fire
HPRegen 0.00/turn    (no ring)
MPRegen 0.09/turn

%: guardian spirit
@: resistant, inhibited regen, hasted, glowing, constricted, very quick
A: claws 1, cold resistance 1, negative energy resistance 3, inhibited
regeneration, torment resistance 2, devour on kill
a: Convert to Beogh


You were on level 3 of the Dungeon.
You visited 1 branch of the dungeon, and saw 3 of its levels.

You collected 101 gold pieces.

Inventory:

Hand Weapons
 n - a +4 mace
Missiles
 d - 22 stones (quivered)
Armour
 a - a +0 robe
 c - an orb of light (worn)
 f - a +0 pair of gloves
 g - a +0 leather armour
 s - a +0 pair of boots (worn)
 y - a +0 ring mail (worn)
Magical Staves
 k - a staff of alchemy
Jewellery
 o - a ring of protection from fire (left claw)
 v - an amulet of guardian spirit (around neck)
Scrolls
 e - 4 scrolls of identify {unknown}
 i - 3 scrolls of teleportation {unknown}
 l - a scroll of amnesia {unknown}
 t - a scroll of fear {unknown}
 u - a scroll of noise {unknown}
 w - 2 scrolls of blinking {unknown}
 x - a scroll of immolation {unknown}
Potions
 b - a potion of ambrosia
 h - a potion of resistance
 j - a potion of degeneration
 m - a potion of cancellation
 p - a potion of brilliance {unknown}
 q - a potion of haste
 r - 2 potions of curing {unknown}


   Skills:
 + Level 3.8 Fighting
 - Level 2.6 Dodging
 * Level 5.6 Unarmed Combat


You had 3 spell levels left.
You didn't know any spells.
Your spell library contained the following spells:

 Spells                   Type           Power      Damage    Failure   Level
 Lesser Beckoning         Tloc           0%         N/A       88%         2
 Gell's Gravitas          Tloc           0%         N/A       98%         3
 Teleport Other           Tloc           0%         N/A       98%         3


Dungeon Overview and Level Annotations

Branches:
Dungeon (3/15)

Altars:

Shops:
D:1 *


Innate Abilities, Weirdness & Mutations

You are immune to poison.
You have sharp fingernails.
Your flesh is cold resistant. (rC+)
You are immune to negative energy. (rN+++)
You do not regenerate when monsters are visible.
You are immune to unholy pain and torment.
You thrive by killing the living.


Message History

The orc priest mumbles some strange prayers to Beogh against you.
Beogh smites you!
The orc priest shouts, "Beogh offers mercy even to people such as you.
Join us and be reborn!" (press Y on the ability menu to convert to Beogh)
You scratch the orc but do no damage. The orc hits you but does no damage.
Okay, then.
It was a potion of cancellation.
You feel magically purged. The orc hits you with a +0 club.
It was a potion of resistance.
You feel protected. The ball python misses you.
The ball python barely misses you.
The orc priest hits you with a +0 hand axe.
The orc hits you with a +0 club.
The orc priest shouts, "Beogh offers mercy even to people such as you.
Join us and be reborn!"
You scratch the orc priest.
The orc priest is moderately wounded.
The ball python bites you. The ball python grabs you.
The ball python constricts you.
You barely miss the orc priest.
The orc priest is moderately wounded.
The orc hits you with a +0 club.
* * * LOW HITPOINT WARNING * * *
The orc priest hits you with a +0 hand axe.
* * * LOW HITPOINT WARNING * * *
The ball python bites you but does no damage.
The ball python constricts you.
It was a potion of degeneration.
There was something very wrong with that liquid.
You feel weakened.
You feel dopey.
You feel clumsy.
The ball python bites you but does no damage.
The ball python constricts you. The orc hits you with a +0 club.
* * * LOW HITPOINT WARNING * * *
The orc priest hits you with a +0 hand axe.
* * * LOW HITPOINT WARNING * * *
The ball python bites you but does no damage.
The ball python constricts you.
It was a potion of haste.
You feel yourself speed up. The orc hits you but does no damage.
The orc priest hits you with a +0 hand axe.
You die...

....[.. ....... ##
.......... .......#.#
.......#.# .......#.#
.......oo####
......S@....#
##..............)...#
...................#
#..................#
...............#### #
#.... .........# #.
... .......#.##
#..##.#
########..############
......###
##............#


You could see an orc priest, an orc and a ball python.

Vanquished Creatures
  A gnoll (D:2)
  3 adders
  2 dart slugs
  An orc (D:3)
  4 bats (D:1)
  8 endoplasms
  5 giant cockroaches
  5 goblins (D:1)
  6 hobgoblins
  4 jackals (D:2)
  6 kobolds
  2 quokkas (D:2)
  6 ball pythons
  3 frilled lizards
  5 rats
61 creatures vanquished.

Notes
Turn   | Place    | Note
-------+----------+-------------------------------------------
     0 | D:1      | skewfiend the Ghoul Monk began the quest for the Orb.
     0 | D:1      | Reached XP level 1. HP: 19/19 MP: 1/1
    67 | D:1      | Reached XP level 2. HP: 23/26 MP: 2/2
   166 | D:1      | Found Iluokh's Assorted Antiques.
   331 | D:1      | Reached skill level 4 in Unarmed Combat
   438 | D:1      | Reached XP level 3. HP: 31/31 MP: 3/3
  1130 | D:2      | Reached XP level 4. HP: 37/40 MP: 4/4
  1134 | D:2      | Reached skill level 5 in Unarmed Combat
  1852 | D:3      | HP: 1/40 [orc priest/+0 hand axe (4)]
  1853 | D:3      | Slain by an orc priest

Illustrated notes

Levels and vault maps discovered:
D:1:      dpeg_arrival_pits, layout_basic, serial_shops, shop_fountains
D:2:      layout_basic, hangedman_decor_slide_cut, minmay_tromino_mix6
D:3:      layout_rooms, skrybe_limestone_x

Skill      XL: |  1  2  3  4 |
---------------+-------------+-----
Unarmed Combat | 4 5 |  5.6
Fighting       | |  3.8
Dodging        | |  2.6

Action                     |  1- 3 |  4- 6 || total
---------------------------+-------+-------++-------
  Melee: Unarmed           |    97 |    55 ||   152
  Throw: Stone             |     2 |     4 ||     6
    Use: Potion            |       |     4 ||     4
 Armour: Robe              |    17 |       ||    17
         Leather armour    |    57 |    17 ||    74
         Ring mail         |       |    18 ||    18
  Dodge: Dodged            |    84 |    31 ||   115

Table legend: (Time is in decaauts)
 A = Elapsed time spent in this place.
 B = Non-inter-level travel time spent in this place.
 C = Inter-level travel time spent in this place.
 D = Time resting spent in this place.
 E = Time spent auto-exploring this place.
 F = Levels seen in this place.
 G = Mean time per level.
                   A        B        C        D        E       F      G
               +--------+--------+--------+--------+--------+-----+--------+
         Total |   1840 |   1705 |    135 |      9 |   1281 |   3 |  613.3 |
       Dungeon |   1840 |   1705 |    135 |      9 |   1281 |   3 |  613.3 |
               +--------+--------+--------+--------+--------+-----+--------+

Top non-repeatable levels by time:
     D:1: 899 daAuts
     D:2: 816 daAuts
     D:3: 123 daAuts
